 Dungeon Crawl Stone Soup version 0.25-a0-310-g60f0ac2d9a (webtiles) character file.

Game seed: 6764497751101378817, levelgen mode: classic

196 Borgoz the Skirmisher (level 6, -8/38 HPs)
             Began as a Kobold Fighter on Dec 23, 2019.
             Mangled by an orc warrior
             ... wielding a +0 war axe
              (22 damage)
             ... on level 3 of the Dungeon.
             The game lasted 00:02:51 (2326 turns).

Borgoz the Skirmisher (Kobold Fighter)              Turns: 2326, Time: 00:02:52

Health: -8/38      AC:  6    Str: 14    XL:     6   Next: 4%
Magic:  6/6        EV: 10    Int: 10    God:
Gold:   139        SH:  9    Dex: 15    Spells: 5/5 levels left

rFire    . . .     SeeInvis .   n - +1 short sword (venom)
rCold    . . .     Gourm    .   c - +0 shield
rNeg     . . .     Faith    .   b - +0 scale mail
rPois    .         Spirit   .   (no helmet)
rElec    .         Reflect  .   (no cloak)
rCorr    .         Harm     .   (no gloves)
MR       .....                  (no boots)
Stlth    ..........             (no amulet)
HPRegen  0.12/turn              (no ring)
MPRegen  0.10/turn              (no ring)

@: no status effects
A: small, carnivore
a: no special abilities


You were on level 3 of the Dungeon.
You were very full.

You visited 1 branch of the dungeon, and saw 3 of its levels.

You collected 139 gold pieces.

Inventory:

Hand Weapons
 a - a +0 rapier
 n - a +1 short sword of venom (weapon)
Armour
 b - a +0 scale mail (worn)
 c - a +0 shield (worn)
Jewellery
 g - an uncursed ring of positive energy {unknown}
 i - an uncursed amulet of faith
Scrolls
 e - 3 scrolls of remove curse {unknown}
 h - 3 scrolls of teleportation
 j - 2 scrolls of enchant weapon {unknown}
 k - 2 scrolls of amnesia {unknown}
 m - a scroll of magic mapping
 o - a scroll of blinking {unknown}
Potions
 d - a potion of haste {unknown}
 l - a potion of mutation {unknown}
 p - 2 potions of agility
Comestibles
 f - 4 rations


   Skills:
 * Level 4.3 Fighting
 * Level 4.2 Short Blades
 * Level 3.2 Armour
 * Level 2.8 Dodging
 + Level 2.8 Shields


You had 5 spell levels left.
You didn't know any spells.
Your spell library was empty.

Dungeon Overview and Level Annotations

Branches:
Dungeon (3/15)

Altars:
Makhleb
Nemelex Xobeh
The Shining One


Innate Abilities, Weirdness & Mutations

You are small and have problems with some larger weapons.
You are carnivorous and can eat meat at any time.


Message History

The puff of frost misses you.
You see here a blue potion.
d - a blue potion You hit the orc warrior.
The orc warrior is lightly wounded.
The orc warrior hits you with a +0 war axe!
You hit the orc warrior but do no damage.
The orc warrior is poisoned.
The orc warrior is lightly wounded.
The orc wizard casts a spell.
The orc wizard flickers and vanishes!
You block the orc warrior's attack.
You see here an encrusted marble ring.
g - an encrusted marble ring The orc warrior looks more healthy.
You see here a scroll of teleportation.
h - 3 scrolls of teleportation (gained 1)
The orc warrior hits you with a +0 war axe.
The orc warrior hits you with a +0 war axe!!
Ouch! That really hurt!
You die...

#.... #......#
#.###### #.# #####
#.# ....# #.# ....#
#.#
....#############.#
..................#
..............†.@.#
##....w..w.o...o..#
#................#
###.............##
#.............#
...............#
....#########+###
....# ##


You could see an orc warrior, a worm and an orc.

Vanquished Creatures
  2 orc wizards (D:3)
  Jessica (D:3)
  Terence (D:2)
  3 adders
  An ooze (D:1)
  2 worms (D:2)
  3 dart slugs (D:1)
  A leopard gecko (D:1)
  2 orcs (D:3)
  A giant cockroach (D:1)
  7 goblins
  7 hobgoblins
  2 jackals (D:1)
  2 kobolds (D:1)
  A quokka (D:2)
  3 bats
  5 frilled lizards
  6 rats
50 creatures vanquished.

Notes
Turn   | Place    | Note
-------+----------+-------------------------------------------
     0 | D:1      | Borgoz the Kobold Fighter began the quest for the Orb.
     0 | D:1      | Reached XP level 1. HP: 14/14 MP: 1/1
   128 | D:1      | Reached XP level 2. HP: 16/19 MP: 2/2
   253 | D:1      | Reached skill level 1 in Dodging
   298 | D:1      | Reached XP level 3. HP: 17/23 MP: 3/3
   779 | D:1      | Found a glowing golden altar of the Shining One.
   904 | D:2      | Reached XP level 4. HP: 26/29 MP: 4/4
  1157 | D:2      | Found a faded altar of an unknown god.
  1300 | D:2      | Found a sparkling altar of Nemelex Xobeh.
  1304 | D:2      | Found a burning altar of Makhleb.
  1396 | D:2      | Noticed Terence
  1426 | D:2      | Killed Terence
  1426 | D:2      | Reached XP level 5. HP: 12/33 MP: 5/5
  2298 | D:3      | Noticed Jessica
  2300 | D:3      | Noticed an orc warrior
  2304 | D:3      | Killed Jessica
  2304 | D:3      | Reached XP level 6. HP: 23/38 MP: 6/6
  2326 | D:3      | Mangled by an orc warrior

Levels and vault maps discovered:
D:1:      giann_bridges, layout_basic, tso_altar
D:2:      layout_basic, grunt_temple_overflow_open,
          chequers_ecumenical_altar_grove, minmay_bisected, uniq_terence
D:3:      layout_basic, first_ration, uniq_sigmund, uniq_jessica, uniq_ijyb

Skill      XL: |  1  2  3  4  5 |
---------------+----------------+-----
Short Blades   | 3 4 |  4.2
Dodging        | 1 2 |  2.8
Fighting       | 4 |  4.3
Armour         | 3 |  3.2
Shields        | |  2.8

Action                   |  1- 3 |  4- 6 || total
-------------------------+-------+-------++-------
Melee: Rapier            |   103 |    60 ||   163
       Short sword       |       |    41 ||    41
  Use: Scroll            |       |     5 ||     5
       Potion            |       |     5 ||     5
  Eat: Chunk             |     8 |     4 ||    12
Armor: Scale mail        |    32 |    35 ||    67
Dodge: Dodged            |    26 |    34 ||    60
Block: Shield            |    40 |    37 ||    77

Table legend:
 A = Non-vault XP
 B = Vault XP
 C = Vault XP percentage of total XP
 D = Non-vault monster count
 E = Vault monster count
 F = Vault count percentage of total count
                 A         B        C        D         E       F
            +---------+---------+-------+---------+---------+-------
      Total |     205 |      76 |  27.0 |      46 |       4 |   8.0
            +---------+---------+-------+---------+---------+-------
        D:1 |      57 |       0 |   0.0 |      26 |       0 |   0.0
        D:2 |      51 |      39 |  43.3 |      14 |       3 |  17.6
        D:3 |      97 |      37 |  27.6 |       6 |       1 |  14.3
            +---------+---------+-------+---------+---------+-------
